Map: Dusk Towers

Players

Bobko - Winner!

  • Race: Protoss Protoss
  • League: Platinum

blackxored

  • Race: Zerg Zerg
  • League: Platinum

VOD

Have the link to the VOD?

Description

Time

  • Played on: June 30, 2016, 5:06 a.m.
  • Length: 9:50
Show
View Real Time Build Order
Export as new Build Order

Bobko Protoss - Winner!

Build Orders: 1 Gate Expand 

Get SALT Encoding   

  12  0:01  Probe (Chrono Boost)  
  13  0:12  Probe (Chrono Boost)  
  14  0:18  Pylon  
  14  0:22  Probe (Chrono Boost)  
  15  0:36  Probe (Chrono Boost)  
  15  0:40  Gateway  
  16  0:47  Probe (Chrono Boost)  
  16  0:48  Assimilator  
  17  0:57  Probe (Chrono Boost)  
  18  1:08  Probe (Chrono Boost)  
  19  1:26  Nexus  
  19  1:37  Cybernetics Core  
  19  1:39  Probe (Chrono Boost)  
  20  1:44  Assimilator  
  20  1:49  Probe (Chrono Boost)  
  21  1:57  Pylon  
  21  2:00  Probe (Chrono Boost)  
  22  2:10  Probe (Chrono Boost)  
  22  2:14  Warp Gate  
  25  2:16  Adept (Chrono Boost)  
  25  2:26  Robotics Facility  
  25  2:30  Probe  
  26  2:42  Stalker (Chrono Boost), Probe (Chrono Boost)  
  29  2:44  Probe (Chrono Boost)  
  29  2:51  Assimilator  
  30  2:53  Probe (Chrono Boost)  
  30  2:56  Probe (Chrono Boost)  
  32  3:04  Probe (Chrono Boost)  
  33  3:08  Twilight Council  
  33  3:09  Probe (Chrono Boost)  
  34  3:15  Probe (Chrono Boost)  
  36  3:20  Observer (Chrono Boost), Probe  
  36  3:26  Probe  
  38  3:29  Pylon  
  38  3:31  Probe  
  39  3:35  Gateway  
  39  3:39  Probe  
  40  3:47  Probe  
  40  3:51  Immortal (Chrono Boost)  
  40  3:54  Mothership Core  
  47  3:57  Probe  
  47  4:02  Pylon  
  48  4:08  Probe  
  48  4:09  Charge  
  49  4:15  Probe  
  50  4:22  Probe  
  51  4:27  Immortal (Chrono Boost)  
  55  4:40  Probe  
  55  4:41  Gateway  
  55  4:43  Gateway  
  56  4:46  Pylon  
  56  4:48  Sentry x2  
  60  5:01  Forge  
  60  5:05  Immortal (Chrono Boost)  
  64  5:10  Pylon  
  64  5:12  Gateway  
  64  5:22  Gateway  
  64  5:24  Gateway  
  64  5:34  Protoss Ground Weapons Level 1 (Chrono Boost)  
  64  5:38  Warp Prism, Zealot x3  
  72  5:45  Sentry  
  74  5:57  Pylon  
  74  5:58  Pylon  
  74  6:01  Pylon  
  74  6:07  Gateway  
  74  6:12  Pylon  
  74  6:29  Zealot x7  
  88  6:38  Immortal  
  92  6:59  Zealot x3  
  92  7:00  Zealot x2  
  102  7:13  Pylon  
  102  7:15  Pylon  
  102  7:17  Pylon  
  102  7:28  Zealot x7  
  81  7:42  Zealot  
  67  7:50  Zealot x7  
  71  8:03  Sentry  
  73  8:09  Templar Archives  
  73  8:14  Immortal  
  73  8:15  Zealot x5  
  85  8:24  Zealot x2  
  73  8:28  Zealot  
  73  8:40  Zealot x5  
  77  8:58  High Templar  
  77  8:59  High Templar x3  
  79  9:02  Zealot x3  
  79  9:03  Zealot  
  79  9:04  Archon x2  
  83  9:25  Zealot x4  
  91  9:46  Zealot x7  
Show
View Real Time Build Order
Export as new Build Order

blackxored Zerg 

Build Orders: Hatch First 

Get SALT Encoding   

  12  0:01  Drone  
  13  0:08  Drone  
  14  0:17  Overlord  
  14  0:22  Extractor  
  14  0:23  Drone  
  15  0:36  Drone x2  
  17  0:52  Hatchery  
  17  0:56  Drone  
  17  0:59  Drone  
  18  1:11  Extractor  
  18  1:16  Drone  
  18  1:18  Spawning Pool  
  18  1:19  Drone  
  18  1:27  Drone  
  19  1:40  Overlord  
  19  1:50  Drone  
  20  2:06  Queen  
  22  2:10  Queen, Hatchery  
  23  2:18  Metabolic Boost  
  23  2:22  Zergling x2  
  24  2:24  Zergling x2  
  24  2:27  Zergling x2  
  26  2:31  Zergling x2  
  27  2:39  Zergling x6  
  30  2:47  Overlord  
  30  2:55  Pneumatized Carapace  
  30  2:57  Drone  
  31  2:58  Drone  
  31  3:01  Drone  
  33  3:16  Queen  
  35  3:20  Drone x3  
  35  3:24  Drone  
  35  3:26  Drone  
  40  3:33  Queen  
  41  3:56  Drone x2  
  41  3:57  Roach Warren, Drone  
  41  3:58  Extractor  
  41  3:59  Drone x3  
  41  4:02  Drone x2  
  47  4:13  Overlord  
  47  4:15  Lair  
  47  4:23  Overlord x2  
  47  4:39  Overlord x2  
  47  4:40  Overlord  
  47  4:58  Roach x5  
  59  5:00  Roach  
  59  5:02  Roach  
  59  5:05  Roach  
  63  5:08  Roach  
  63  5:11  Roach  
  67  5:21  Glial Reconstitution  
  67  5:23  Queen  
  67  5:25  Drone x2  
  67  5:27  Drone  
  72  5:41  Roach  
  72  5:42  Roach x4  
  82  5:49  Ravager  
  83  5:54  Drone x4  
  87  5:59  Roach  
  87  6:02  Overlord  
  89  6:16  Overlord x3  
  89  6:32  Roach x3  
  97  6:33  Roach x2, Evolution Chamber  
  97  6:36  Roach x3  
  97  6:37  Roach, Evolution Chamber  
  97  6:38  Roach  
  107  6:43  Roach x2  
  111  6:51  Roach x3  
  117  6:55  Roach  
  119  7:02  Roach  
  119  7:05  Zergling x2  
  119  7:06  Overlord  
  119  7:07  Overlord  
  122  7:19  Zerg Missile Weapons Level 1  
  99  7:31  Roach  
  99  7:32  Roach x2  
  99  7:36  Roach  
  102  7:37  Zergling x2  
  102  7:38  Zergling x22  
  99  7:44  Zergling x8  
  81  8:00  Roach x3  
  81  8:01  Roach x2  
  87  8:06  Zergling x8  
  88  8:20  Zergling x18  
  88  8:21  Zergling x2  
  79  8:30  Roach x2  
  79  8:31  Roach  
  75  8:34  Zergling x4  
  75  8:40  Zergling x2  
  78  8:42  Ravager x2  
  70  9:02  Roach x4  
  67  9:09  Zergling x10  
  58  9:10  Zergling x4  
  58  9:19  Roach  
  58  9:20  Roach x3  
  62  9:27  Roach x2  
Tags
 
Add a new tag
Caveats
  • Supply blocks, unpowered buildings, or Contaminate may cause inaccurate times.
  • Supply counts are checked every 10 seconds.